 Dungeon Crawl Stone Soup version 0.28-a0-206-gc2c9e32840 (webtiles) character file.

Game seed: 14649307751140994016

1503 hatdisgam the Slasher (level 8, 0/40 HPs)
             Began as a Vine Stalker Fighter on Aug 20, 2021.
             Was a Believer of Uskayaw.
             Slain by a killer bee (5 damage)
             ... on level 7 of the Dungeon.
             The game lasted 00:08:47 (5726 turns).

hatdisgam the Slasher (Vine Stalker Fighter)        Turns: 5726, Time: 00:08:48

Health: 0/40       AC: 10    Str: 19    XL:     8   Next: 82%
Magic:  0/9        EV: 11    Int:  9    God:    Uskayaw [**....]
Gold:   283        SH: 10    Dex: 15    Spells: 7/7 levels left

rFire   . . .      SeeInvis .   a - +0 long sword
rCold   + . .      Faith    .   c - +0 kite shield
rNeg    . . .      Spirit   +   q - +2 chain mail {rC+}
rPois   .          Reflect  .   (no helmet)
rElec   .          Harm     .   (no cloak)
rCorr   .          Rampage  .   (no gloves)
Will    +....                   (no boots)
Stlth   ..........              v - amulet of regeneration
HPRegen 2.13/turn               h - +4 ring of evasion
MPRegen 0.11/turn               (no ring)

@: lethally poisoned (0 -> 0)
A: fangs 3, regeneration 1, magic shield, antimagic bite, no potion heal 2
a: Renounce Religion, Stomp, Line Pass


You were on level 7 of the Dungeon.
You worshipped Uskayaw.
Uskayaw was noncommittal.
You visited 2 branches of the dungeon, and saw 8 of its levels.

You collected 283 gold pieces.

Inventory:

Hand Weapons
 a - a +0 long sword (weapon)
Missiles
 d - 2 poisoned darts (quivered)
 l - 212 stones
 o - 6 curare-tipped darts
 y - 2 silver boomerangs
 B - 4 datura-tipped darts
Armour
 b - a +0 scale mail
 c - a +0 kite shield (worn)
 q - a +2 chain mail of cold resistance (worn)
 r - the +1 ring mail of Kindness {rF+ Str+3}
   (You found it on level 4 of the Dungeon)

   Str:       It affects your strength (+3).
   rF:        It protects you from fire.
Jewellery
 h - a +4 ring of evasion (left hand)
 v - an amulet of regeneration (around neck)
Wands
 f - a wand of flame (12)
Scrolls
 e - 2 scrolls of vulnerability {unknown}
 g - 2 scrolls of teleportation {unknown}
 i - 3 scrolls of blinking
 k - 2 scrolls of amnesia {unknown}
 m - a scroll of silence {unknown}
 n - a scroll of torment {unknown}
 p - 2 scrolls of fog {unknown}
 s - a scroll of summoning {unknown}
 t - a scroll of identify {unknown}
 w - a scroll of immolation {unknown}
 A - 2 scrolls of fear {unknown}
Potions
 j - 2 potions of heal wounds {unknown}
 u - a potion of mutation {unknown}
 x - a potion of lignification {unknown}
 z - a potion of flight {unknown}


   Skills:
 + Level 3.1 Fighting
 * Level 7.1 Long Blades
 - Level 2.4 Armour
 - Level 3.9 Dodging
 + Level 5.5 Shields


You had 7 spell levels left.
You didn't know any spells.
Your spell library contained the following spells:

 Spells                   Type           Power      Damage    Failure   Level
 Static Discharge         Conj/Air       0%         N/A       100%        2
 Dispel Undead            Necr           0%         3d6       100%        4
 Sticky Flame             Conj/Fire      0%         2d3       100%        4


Dungeon Overview and Level Annotations

Branches:
Dungeon (7/15)             Temple (1/1) D:4

Altars:
Cheibriados
Dithmenos
Elyvilon
Fedhas
Kikubaaqudgha
Qazlal
Trog
Uskayaw
Vehumet
Wu Jian
Yredelemnul
The Shining One

Shops:
D:6 (

Annotations:
D:6 1 runed translucent door, snackwell's ghost, amateur SpEn


Innate Abilities, Weirdness & Mutations

You have razor-sharp teeth.
Your natural rate of healing is unusually fast.
When hurt, damage is shared between your health and your magic reserves.
Your bite disrupts and absorbs the magic of your enemies.
Potions cannot restore your health.


Message History

The killer bee stings you.
Unknown command.
You hit the killer bee but do no damage.
Your bite misses the killer bee.
The killer bee is severely wounded.
You feel sick. The killer bee stings you.
You are more poisoned.
The killer bee poisons you! You block the killer bee's attack.
The killer bee stings you but does no damage.
The killer bee stings you.
You are more poisoned.
The killer bee poisons you!
You closely miss the killer bee.
You bite the killer bee, but do no damage.
The killer bee is severely wounded.
You feel extremely sick. The killer bee stings you.
* * * LOW HITPOINT WARNING * * *
The killer bee completely misses you.
The killer bee stings you but does no damage.
The killer bee barely misses you.
You riposte.
You slash the killer bee! Your bite misses the killer bee.
The killer bee is severely wounded.
The killer bee closely misses you.
The killer bee stings you but does no damage.
You can now pass through a line of other dancers.
You slash the killer bee!
You kill the killer bee!
You feel very sick. The killer bee barely misses you.
The killer bee misses you.
You closely miss the killer bee.
The killer bee is severely wounded.
You feel very sick. The killer bee misses you. The orc hits you with a +0 mace.
* * * LOW HITPOINT WARNING * * *
The killer bee stings you but does no damage.
You closely miss the killer bee. Your bite misses the killer bee.
The killer bee is severely wounded.
You feel sick. You block the killer bee's attack. The killer bee stings you!
You die...

?.....###+#
#..........
#..........
#.o........
#..........
#..........
#..........
####oy..##+
#.@#....# #.yoo...+
#####..#....#
##..##..#.......
#.......#........
#.......#........
#.......#........
####..##..#........
#.##..##..#.....#+


You could see a killer bee and 2 orcs.

Vanquished Creatures
  A water moccasin (D:5)
  A black bear (D:6)
  A sky beast (D:7)
  A hornet zombie (D:6)
  2 ogres
  Blork the orc (D:4)
  A gnoll sergeant (D:6)
  A scorpion (D:4)
  3 killer bees (D:7)
  A water moccasin skeleton (D:4)
  A howler monkey (D:4)
  A jelly (D:5)
  A gnoll shaman (D:3)
  3 orc priests
  3 centaur skeletons
  A hound (D:5)
  A bullfrog skeleton (D:5)
  9 gnolls
  5 adders
  A white imp (D:6)
  2 ufetubi
  5 worms
  3 dart slugs
  18 orcs
  3 ball pythons
  6 endoplasms
  A giant cockroach (D:2)
  4 goblins
  7 hobgoblins
  5 jackals
  2 quokkas
  5 bats
  6 frilled lizards
  5 kobolds
  9 rats
120 creatures vanquished.

Notes
Turn   | Place    | Note
-------+----------+-------------------------------------------
     0 | D:1      | hatdisgam the Vine Stalker Fighter began the quest for the
                  | Orb.
     0 | D:1      | Reached XP level 1. HP: 11/11 MP: 2/2
   114 | D:1      | Reached skill level 2 in Long Blades
   115 | D:1      | Reached XP level 2. HP: 15/16 MP: 3/3
   506 | D:1      | Reached XP level 3. HP: 12/19 MP: 2/4
  1003 | D:1      | Found a faded altar of an unknown god.
  1267 | D:2      | Reached skill level 1 in Dodging
  1623 | D:2      | Gained mutation: Your natural rate of healing is unusually
                  | fast. [Vine Stalker growth]
  1623 | D:2      | Reached XP level 4. HP: 23/23 MP: 5/5
  1660 | D:2      | Reached skill level 3 in Long Blades
  2053 | D:3      | Noticed an ogre
  2057 | D:3      | Killed an ogre
  2058 | D:3      | Reached XP level 5. HP: 27/27 MP: 6/6
  2357 | D:3      | Reached skill level 4 in Long Blades
  2467 | D:3      | Reached XP level 6. HP: 10/32 MP: 2/7
  3364 | D:4      | Found a staircase to the Ecumenical Temple.
  3371 | Temple   | Entered the Ecumenical Temple
  3545 | Temple   | Became a worshipper of Uskayaw the Reveller
  3583 | D:4      | Identified the +1 ring mail of Kindness {rF+ Str+3}
  3599 | D:3      | Reached * piety under Uskayaw
  3607 | D:3      | Reached ** piety under Uskayaw
  3634 | D:3      | Reached *** piety under Uskayaw
  3924 | D:4      | Reached XP level 7. HP: 32/35 MP: 8/8
  3933 | D:4      | Noticed Blork the orc
  3946 | D:4      | Killed Blork the orc
  3947 | D:4      | Reached skill level 5 in Long Blades
  4430 | D:5      | Entered Level 5 of the Dungeon
  4682 | D:5      | Gained mutation: You have razor-sharp teeth. [Vine Stalker
                  | growth]
  4682 | D:5      | Reached XP level 8. HP: 39/39 MP: 9/9
  4685 | D:5      | Found a bloodstained altar of Trog.
  4726 | D:5      | Reached skill level 6 in Long Blades
  4878 | D:6      | Found Kepuenn's Weapon Shop.
  4904 | D:6      | Reached skill level 5 in Shields
  5141 | D:6      | Reached **** piety under Uskayaw
  5207 | D:6      | Found a runed translucent door.
  5207 | D:6      | Noticed snackwell's ghost (amateur SpEn)
  5586 | D:7      | Found an ornate altar of the Wu Jian Council.
  5649 | D:7      | Reached skill level 7 in Long Blades
  5726 | D:7      | Slain by a killer bee

Illustrated notes

Levels and vault maps discovered:
D:1:      scummos_arrival_simple_fountains, layout_rooms,
          ebering_ecumenical_altar_box
D:2:      layout_rooms
D:3:      layout_basic, minmay_circle_x
D:4:      layout_loops_cross, minmay_temple_entry_butterflies,
          roderic_lattice_a, uniq_blork_the_orc
D:5:      layout_basic, lemuel_round_altar, portal_sewer_entry_d, uniq_grinder
D:6:      layout_basic, hellmonk_ghost_happy_afterlife, serial_shops,
          nicolae_square_shop
D:7:      layout_gridville, nzn_wu_jian_contemplation, enter_bailey_6,
          minmay_crossroads, uniq_joseph
Temple:   minmay_temple_curvy_loop

Skill      XL: |  1  2  3  4  5  6  7  8 |
---------------+-------------------------+-----
Long Blades    | 2 3 4 5 7 |  7.1
Shields        | 3 4 5 |  5.5
Dodging        | 1 2 3 |  3.9
Fighting       | 3 |  3.1
Armour         | |  2.4

Action                   |  1- 3 |  4- 6 |  7- 9 || total
-------------------------+-------+-------+-------++-------
Melee: Long sword        |   104 |   151 |   168 ||   423
       Bite              |    29 |    55 |    52 ||   136
  Use: Potion            |       |     1 |       ||     1
       Scroll            |       |     1 |       ||     1
 Stab: Paralysed         |       |       |     3 ||     3
Armor: Scale mail        |    63 |    50 |    10 ||   123
       Chain mail        |       |       |    82 ||    82
Dodge: Dodged            |    33 |    95 |   130 ||   258
Block: Kite shield       |    67 |    76 |   112 ||   255
       Rpst.: Long sword |     9 |    20 |    26 ||    55

Table legend: (Time is in decaauts)
 A = Elapsed time spent in this place.
 B = Non-inter-level travel time spent in this place.
 C = Inter-level travel time spent in this place.
 D = Time resting spent in this place.
 E = Time spent auto-exploring this place.
 F = Levels seen in this place.
 G = Mean time per level.
                   A        B        C        D        E       F      G
               +--------+--------+--------+--------+--------+-----+--------+
         Total |   5899 |   5588 |    311 |    317 |   4225 |   8 |  737.4 |
       Dungeon |   5702 |   5443 |    259 |    317 |   4082 |   7 |  814.6 |
        Temple |    197 |    145 |     52 |      0 |    143 |   1 |  197.0 |
               +--------+--------+--------+--------+--------+-----+--------+

Top non-repeatable levels by time:
     D:1: 1450 daAuts
     D:3: 1249 daAuts
     D:4: 976 daAuts
     D:2: 694 daAuts
     D:6: 686 daAuts
     D:5: 402 daAuts
     D:7: 242 daAuts
  Temple: 197 daAuts
